Map: Blackpink РВ

Players

rasik - Winner!

  • Race: Terran Terran
  • League: Platinum
  • Spawn Location: 7:00

ИИ 1 (ветеран)

  • Race: Zerg Zerg
  • Spawn Location: 1:00

VOD

Have the link to the VOD?

Description

Time

  • Played on: April 27, 2018, 7:43 p.m.
  • Length: 11:44
Show
View Real Time Build Order
Export as new Build Order

rasik Terran - Winner!

Build Orders:  

Get SALT Encoding   

  12  0:01  SCV  
  13  0:13  SCV  
  14  0:18  Supply Depot  
  14  0:25  SCV  
  15  0:31  Refinery  
  15  0:39  SCV  
  16  0:45  Barracks  
  16  0:51  SCV  
  17  1:04  SCV  
  18  1:16  SCV  
  19  1:28  SCV  
  20  1:34  Reaper  
  21  1:41  Command Center  
  21  1:47  Orbital Command  
  21  1:53  Refinery  
  21  2:11  Barracks Reactor  
  21  2:14  SCV  
  22  2:20  Supply Depot  
  22  2:27  Factory  
  22  2:31  SCV  
  22  2:54  SCV  
  22  2:55  Orbital Command  
  23  3:03  Supply Depot  
  23  3:06  SCV  
  24  3:14  Starport  
  24  3:19  Hellion x2  
  28  3:20  Marine  
  28  3:22  SCV  
  28  3:23  SCV  
  31  3:34  SCV  
  31  3:35  SCV  
  33  3:42  Engineering Bay  
  33  3:47  Armory  
  33  3:49  SCV x2  
  33  3:51  Hellion x2  
  33  3:53  Medivac  
  41  4:01  SCV x2  
  43  4:08  Barracks Tech Lab  
  43  4:12  Hellion x2  
  43  4:13  SCV x2  
  49  4:18  Supply Depot  
  49  4:25  SCV x2  
  51  4:33  Hellion  
  51  4:37  SCV, Terran Vehicle Weapons Level 1  
  54  4:40  Medivac, Hellion  
  58  4:48  SCV, Factory  
  59  4:55  Hellion  
  61  5:00  Supply Depot  
  61  5:01  Supply Depot  
  61  5:05  Supply Depot  
  61  5:20  SCV  
  62  5:22  SCV, Hellion x2  
  62  5:26  Supply Depot  
  62  5:27  Command Center  
  67  5:33  Infernal Pre-Igniter  
  67  5:35  Medivac  
  67  5:37  Hellion  
  67  5:39  Marine  
  72  5:43  Hellion x2  
  68  5:59  Hellion  
  63  6:05  Hellion x2  
  67  6:13  SCV x2  
  67  6:17  Refinery x2  
  69  6:19  Supply Depot  
  69  6:21  Marine, Hellion  
  69  6:25  SCV  
  73  6:26  Hellion  
  73  6:30  Supply Depot  
  73  6:32  SCV  
  76  6:37  Hellion, SCV  
  79  6:42  Hellion  
  79  6:44  SCV  
  79  6:45  Terran Vehicle And Ship Armor Level 1  
  82  6:52  Armory  
  82  6:54  Supply Depot  
  66  7:14  Medivac  
  66  7:16  Hellion x3  
  66  7:18  Supply Depot  
  72  7:22  Barracks  
  72  7:25  Barracks  
  72  7:27  Engineering Bay  
  72  7:29  Missile Turret  
  72  7:35  Marine  
  73  7:37  Hellbat x2  
  73  7:38  Hellbat  
  79  7:45  Barracks  
  79  7:46  Medivac  
  79  7:48  Barracks  
  81  7:53  Marine  
  82  7:59  Hellbat, Hellion  
  82  8:02  Supply Depot  
  87  8:16  Medivac  
  87  8:19  Supply Depot  
  88  8:22  Barracks Tech Lab  
  88  8:23  Supply Depot, Barracks Tech Lab  
  88  8:31  Marine  
  88  8:33  Hellion x3  
  95  8:41  Orbital Command  
  95  8:43  SCV x2  
  97  8:48  Marine  
  97  8:51  Refinery  
  97  8:54  Hellion x2  
  97  8:55  SCV x2  
  100  9:01  Refinery  
  100  9:06  Marine  
  100  9:07  SCV  
  102  9:10  Terran Vehicle Weapons Level 2  
  94  9:24  Marine  
  91  9:32  Marine x4  
  91  9:34  Hellion x3  
  101  9:42  Marine  
  102  9:48  SCV x2  
  102  9:49  SCV  
  105  9:55  Hellbat  
  105  9:56  Hellbat  
  107  10:00  SCV  
  107  10:01  SCV x2  
  108  10:30  Marine x5  
  113  10:40  Command Center  
  113  10:42  Command Center  
  113  10:47  Marine  
  113  10:48  Marine  
  113  10:49  SCV  
  114  10:50  SCV x2  
  114  10:55  Medivac  
  118  11:01  SCV  
  119  11:05  Starport x2, Hellion x3  
  119  11:06  Marine x5  
  128  11:13  SCV x3  
  131  11:21  Armory  
  131  11:24  Marine x2  
Show
View Real Time Build Order
Export as new Build Order

ИИ 1 (ветеран) Zerg 

Build Orders: Pool First 

Get SALT Encoding   

  12  0:00  Drone  
  13  0:12  Overlord  
  13  0:17  Drone  
  14  0:30  Drone  
  14  0:32  Drone  
  16  0:44  Spawning Pool, Drone  
  16  0:49  Drone  
  17  0:53  Extractor  
  17  0:55  Drone  
  17  1:06  Overlord  
  17  1:31  Zergling x2, Queen  
  20  1:38  Roach Warren, Drone  
  20  1:43  Extractor  
  20  1:45  Zergling x2  
  20  1:49  Drone  
  21  2:00  Drone  
  22  2:10  Overlord  
  22  2:21  Drone  
  23  2:32  Roach  
  25  2:38  Drone  
  25  2:40  Overlord  
  26  2:46  Roach  
  28  2:54  Drone  
  28  2:58  Drone  
  30  2:59  Ravager  
  30  3:05  Roach  
  33  3:11  Overlord  
  33  3:15  Drone  
  33  3:18  Drone  
  33  3:19  Roach  
  37  3:29  Drone  
  37  3:30  Baneling Nest  
  37  3:32  Ravager x2  
  39  3:40  Roach  
  42  3:41  Drone  
  42  3:47  Overlord  
  42  3:50  Drone  
  42  3:54  Roach  
  45  3:57  Evolution Chamber  
  45  4:02  Drone  
  45  4:13  Roach  
  47  4:27  Roach  
  49  5:07  Zergling x2  
  49  5:47  Zergling x2  
  48  6:01  Zergling x2  
  47  6:13  Roach, Overlord, Zerg Melee Weapons Level 1, Queen  
  47  6:14  Evolution Chamber  
  47  6:17  Spore Crawler  
  47  6:18  Drone  
  50  6:20  Spore Crawler  
  50  6:22  Hatchery  
  50  6:23  Drone  
  49  6:40  Zerg Ground Armor Level 1  
  49  6:43  Drone, Spine Crawler  
  49  6:45  Spine Crawler  
  48  6:49  Burrow  
  48  6:59  Roach, Ravager  
  45  7:12  Roach  
  35  7:23  Roach  
  37  7:34  Roach  
  37  7:35  Drone, Lair  
  41  7:37  Drone  
  41  7:38  Drone  
  41  7:40  Drone  
  41  7:41  Drone  
  44  7:45  Extractor, Ravager x2  
  44  7:47  Spore Crawler  
  44  7:49  Drone  
  44  7:50  Spore Crawler  
  44  7:52  Extractor, Drone  
  44  7:57  Drone  
  45  8:00  Drone, Queen  
  45  8:03  Drone  
  49  8:06  Drone  
  49  8:07  Zerg Missile Weapons Level 1  
  49  8:09  Drone  
  49  8:11  Drone  
  52  8:15  Drone  
  52  8:17  Drone  
  54  8:21  Drone  
  54  8:22  Roach, Drone  
  54  8:26  Drone  
  59  8:28  Drone  
  59  8:32  Overseer  
  59  8:33  Overseer  
  60  8:36  Hydralisk Den  
  60  8:37  Drone  
  60  8:39  Infestation Pit  
  60  8:40  Drone  
  60  8:44  Overlord  
  60  8:46  Drone  
  61  8:49  Drone  
  61  8:51  Drone  
  61  8:54  Drone  
  63  8:55  Drone  
  63  8:57  Drone  
  63  9:01  Roach  
  66  9:02  Drone  
  66  9:04  Hydralisk  
  68  9:14  Drone  
  68  9:15  Overlord  
  68  9:16  Zergling x2  
  68  9:19  Spine Crawler  
  68  9:21  Drone  
  55  9:26  Hydralisk  
  55  9:36  Drone  
  55  9:37  Roach  
  45  9:39  Drone  
  45  9:40  Drone  
  45  9:42  Drone  
  45  9:44  Drone  
  33  9:47  Hydralisk  
  33  9:48  Drone  
  33  9:50  Spine Crawler  
  34  9:53  Drone  
  34  9:59  Drone  
  34  10:02  Queen  
  32  10:11  Roach  
  32  10:21  Roach  
  32  10:26  Drone  
  35  10:31  Hydralisk, Drone  
  38  10:42  Hydralisk, Queen  
  30  10:46  Zergling x2  
  30  10:48  Drone  
  31  10:50  Roach  
  31  10:57  Drone  
  31  10:59  Drone  
  31  11:04  Drone  
  25  11:10  Drone  
  21  11:11  Drone  
  21  11:14  Drone  
  14  11:21  Drone  
  9  11:27  Drone  
Tags
 
League
Platinum
Matchup
ЗvТ
Opening
Pool First
Spawn Locations
Cross Positions
Add a new tag
Caveats
  • Supply blocks, unpowered buildings, or Contaminate may cause inaccurate times.
  • Supply counts are checked every 10 seconds.